 Dungeon Crawl Stone Soup version 0.21.1-1-g345015f (webtiles) character file.

42 Monsterracer the Scratcher (level 3, 17/17 HPs)
             Began as a Felid Monk on Feb 10, 2018.
             Quit the game on level 3 of the Dungeon.
             The game lasted 00:03:30 (2816 turns).

Monsterracer the Scratcher (Felid Monk)             Turns: 2816, Time: 00:03:30

Health: 17/17      AC:  1    Str:  7    XL:     3   Next: 33%
Magic:  4/4        EV: 20    Int: 11    God:
Gold:   201        SH:  0    Dex: 19    Spells: 2/2 levels left
                                        Lives:  0   Deaths: 1

rFire    + . .     SeeInvis +     - Unarmed
rCold    . . .     Gourm    .   (shield unavailable)
rNeg     . . .     Faith    .   (armour unavailable)
rPois    .         Spirit   .   (helmet unavailable)
rElec    .         Reflect  .   (cloak unavailable)
rCorr    .         Harm     .   (gloves unavailable)
MR       .....                  (boots unavailable)
Stlth    +++.......             (no amulet)
HPRegen  0.05/turn              j - ring of protection from fire {!d}
MPRegen  0.09/turn              (no ring)

@: quick
A: very small, no armour, no weapons or thrown items, stealth, claws 1, fangs 3,
see invisible, carnivore, speed 1, shaggy fur 1, slow metabolism 1, sharp paws
a: no special abilities


You were on level 3 of the Dungeon.
You were not hungry.

You visited 1 branch of the dungeon, and saw 3 of its levels.

You collected 201 gold pieces.

Inventory:

Jewellery
 j - a ring of protection from fire (left paw) {!d}
Scrolls
 a - 3 scrolls of fog {unknown}
 b - 2 scrolls of identify {unknown}
 g - a scroll of teleportation {unknown}
 l - a scroll of noise {unknown}
Potions
 d - 2 potions of flight {unknown}
 e - 2 potions of magic {unknown}
 f - 3 potions of curing {unknown}
 h - a potion of haste {unknown}
 i - a potion of brilliance {unknown}
 k - 2 potions of agility {unknown}
Comestibles
 c - 8 rations


   Skills:
 - Level 3.0 Fighting
 - Level 4.0 Dodging
 - Level 2.6 Stealth
 * Level 5.2 Unarmed Combat


You had 2 spell levels left.
You didn't know any spells.

Dungeon Overview and Level Annotations

Branches:
Dungeon (3/15)

Altars:


Innate Abilities, Weirdness & Mutations

You cannot wear armour.
You are incapable of wielding weapons or throwing items.
Your paws allow you to move quietly. (Stealth)
You have sharp claws.
You have razor-sharp teeth.
You have supernaturally acute eyesight. (SInv)
You are carnivorous and can eat meat at any time.
You cover ground quickly.
You are covered in fur. (AC +1)
You have a slow metabolism.
Your sharp claws are effective at attacking unaware monsters.


Message History

You take 3 damage, and have 18/21 hp.
You claw the leopard gecko!
You kill the leopard gecko!
You barely miss the goblin. The goblin hits you.
You take 1 damage, and have 17/21 hp.
You scratch the orc but do no damage. The goblin completely misses you.
You scratch the orc.
The orc is lightly wounded.
The orc closely misses you. The goblin barely misses you.
You claw the orc!
You kill the orc!
The goblin hits you.
You take 1 damage, and have 16/21 hp.
You claw the goblin!
You kill the goblin!
No target in view!
No target in view!
You now have 201 gold pieces (gained 27).
You see here a hand axe.
Health restored: 21 You see here a goblin corpse.
l - a scroll labeled BAUROF JEC VAZ
a - 3 scrolls labeled WYELIPTIDIR (gained 1)
c - 8 rations (gained 1) 2 orcs come into view.
The orc shouts!
You hear a shout! x2
The orc moves out of view. 2 orcs come into view.
The orc priest shouts!
The orc misses you.
You closely miss the orc. The orc misses you.
You scratch the orc.
The orc is heavily wounded.
The orc misses you.
The orc shouts!
You scratch the orc.
You kill the orc!
There is a stone staircase leading up here.
The orc barely misses you.
You scratch the orc.
The orc is almost dead.
You scratch the orc but do no damage.
The orc is almost dead.
The orc misses you.
You barely miss the orc.
The orc is almost dead.
The orc closely misses you.
You barely miss the orc.
The orc is almost dead.
The orc misses you.
You scratch the orc.
You kill the orc!
You completely miss the orc. Your bite misses the orc. You claw the orc!
You kill the orc!
You scratch the orc.
The orc is almost dead.
The orc barely misses you.
You scratch the orc.
You kill the orc!
You closely miss the orc. The orc misses you.
You barely miss the orc. The orc completely misses you.
You scratch the orc.
The orc is heavily wounded.
The orc closely misses you.
You claw the orc!
You kill the orc!
No target in view!
Items here: )))) [ ††
Things that are here:
a trident; an orc corpse An orc priest is nearby!
The orc priest shouts!
Things that are here:
a trident; an orc corpse You start waiting.
The orc priest misses you.
You scratch the orc priest but do no damage.
You scratch the orc priest.
The orc priest is lightly wounded.
The orc priest barely misses you.
You scratch the orc priest. Your bite misses the orc priest.
The orc priest is moderately wounded.
The orc priest calls down the wrath of Beogh upon you.
Pain shoots through your body!
Ouch! That really hurt!
* * * LOW HITPOINT WARNING * * *
You take 14 damage, and have 7/21 hp.
MASSIVE DAMAGE!!
You scratch the orc priest but do no damage.
You claw the orc priest.
The orc priest is moderately wounded.
The orc priest mumbles some strange prayers to Beogh against you.
Beogh smites you!
Ouch! That really hurt!
You die...
You are now level 3!
You rejoin the land of the living...
Health restored: 17 You now have 4/4 mp.
Are you sure you want to abandon this character and quit the game? (Confirm with "yes".)

### #####.# #.....#
#####.###.# #.....# #.#
#.##### #.# #.# #.#
###.########.#######.##
.......@..........<)..#
####.######.#.#######..#
......#.....#.# #..#
#.##..##.##.#.## ###..##
....[........... ..#...#
....##...##...## #.#...#
.>.............. #.#...#
.........###...#.
#.##.†# .............#.#
##.#...o


There were no monsters in sight!

Vanquished Creatures
  2 adders
  A worm (D:3)
  4 leopard geckos
  7 orcs
  4 giant cockroaches
  7 goblins
  8 hobgoblins
  6 jackals
  3 kobolds
  3 bats
  2 frilled lizards
  6 rats
53 creatures vanquished.

Notes
Turn   | Place    | Note
-------+----------+-------------------------------------------
     0 | D:1      | Monsterracer the Felid Monk began the quest for the Orb.
     0 | D:1      | Reached XP level 1. HP: 10/10 MP: 2/2
   119 | D:1      | HP: 5/10 [giant cockroach (2)]
   364 | D:1      | Reached XP level 2. HP: 14/14 MP: 3/3
   418 | D:1      | HP: 7/14 [frilled lizard (3)]
   733 | D:1      | Reached skill level 4 in Unarmed Combat
  1018 | D:2      | HP: 2/14 [hobgoblin/club (7)]
  1020 | D:2      | Reached XP level 3. HP: 3/17 MP: 4/4
  1426 | D:2      | HP: 8/17 [poisoned by an adder]
  1435 | D:2      | HP: 4/17 [poisoned by an adder]
  1453 | D:2      | HP: 4/17 [hobgoblin/club (1)]
  1711 | D:1      | HP: 5/17 [kobold (4)]
  2412 | D:3      | Reached XP level 4. HP: 12/21 MP: 5/5
  2546 | D:3      | Reached skill level 5 in Unarmed Combat
  2814 | D:3      | HP: 7/21 [orc priest/nerve-wracking pain (14)]
  2815 | D:3      | Killed from afar by an orc priest
  2816 | D:3      | Reached XP level 3. HP: -10/17 MP: 4/4
  2816 | D:3      | Quit the game

Skill      XL: |  1  2  3  4 |
---------------+-------------+-----
Unarmed Combat | 4 5 |  5.2
Fighting       | |  3.0
Dodging        | |  4.0
Stealth        | |  2.6

Action                   |  1- 3 |  4- 6 || total
-------------------------+-------+-------++-------
Melee: Unarmed           |   134 |    36 ||   170
       Bite              |    13 |     1 ||    14
       Punch             |     1 |     1 ||     2
 Stab: Sleeping          |     8 |     2 ||    10
  Eat: Chunk             |    10 |     1 ||    11
Armor: Skin              |     2 |       ||     2
Dodge: Dodged            |    98 |    23 ||   121

Vault maps used:
D:1:      lemuel_arrival_hallway, minmay_misc_feat_roman
D:2:      first_ration, corexii_shack
D:3:      nicolae_overflow_crystal_walls
